 Dungeon Crawl Stone Soup version 0.21-a0-110-g8e1637b (webtiles) character file.

4965 tilp the Arsonist (level 10, -9/77 HPs)
             Began as a Hill Orc Fire Elementalist on July 9, 2017.
             Was a Priest of Okawaru.
             Mangled by Snorg (19 damage)
             ... on level 10 of the Dungeon on July 10, 2017.
             The game lasted 00:49:20 (14274 turns).

tilp the Arsonist (Hill Orc Fire Elementalist)     Turns: 14274, Time: 00:49:22

Health: -9/77      AC:  6    Str: 16    XL:     10   Next: 53%
Magic:  13/16      EV: 12    Int: 21    God:    Okawaru [***...]
Gold:   474        SH:  3    Dex: 14    Spells: 1/18 levels left

rFire    . . .     SeeInvis .   U - +12 trident "Ynoduot" {holy, +Fly MR+}
rCold    . . .     Gourm    .   X - +0 buckler
rNeg     + . .     Faith    .   C - +0 troll leather armour
rPois    .         Spirit   .   o - +0 helmet
rElec    .         Reflect  .   (no cloak)
rCorr    .         Harm     .   (no gloves)
MR       +....                  R - +0 pair of boots
Stlth    +++.......             g - amulet of magic regeneration
HPRegen  0.62/turn              I - ring of Biga {rN+ Str+4 Dex+3 Stlth+}
MPRegen  0.40/turn              J - +3 ring of intelligence

@: no status effects
A: no striking features
a: Heroism, Renounce Religion, Evoke Flight


You were on level 10 of the Dungeon.
You worshipped Okawaru.
Okawaru was most pleased with you.
You were not hungry.

You visited 2 branches of the dungeon, and saw 11 of its levels.

You collected 474 gold pieces.

Inventory:

Hand Weapons
 a - the +8 short sword "Lifebane" {freeze, +Fly Str+4 Int+2, unknown}
   (You found it on level 8 of the Dungeon)

   It has been specially enchanted to freeze those struck by it, causing extra
   injury to most foes and up to half again as much damage against particularly
   susceptible opponents.
   It can also slow down cold-blooded creatures.
   It affects your strength (+4).
   It affects your intelligence (+2).
   It lets you fly.
 y - a +0 war axe
 D - a +0 dagger of venom
 P - a +2 short sword of flaming
 U - the +12 trident "Ynoduot" (weapon) {holy, +Fly MR+}
   (You found it on level 7 of the Dungeon)

   It has been blessed by the Shining One to cause great damage to the undead
   and demons.
   It affects your resistance to hostile enchantments.
   It lets you fly.
Missiles
 d - 4 javelins
 B - 8 tomahawks
 L - 2 throwing nets
 S - 6 javelins of returning (quivered)
Armour
 o - a +0 helmet (worn)
 r - a +0 large shield
 C - a +0 troll leather armour (worn)
 R - a +0 pair of boots (worn)
 X - a +0 buckler (worn)
Jewellery
 g - an amulet of magic regeneration (around neck)
 I - the ring of Biga (left hand) {rN+ Str+4 Dex+3 Stlth+}
   (You found it on level 5 of the Dungeon)

   [ring of dexterity]

   It affects your strength (+4).
   It affects your dexterity (+3).
   It protects you from negative energy.
   It makes you more stealthy.
 J - a +3 ring of intelligence (right hand)
 K - the ring of Batsa {*Tele rPois MR+++ Str+2 Int-2}
   (You found it on level 6 of the Dungeon)

   [ring of teleportation]

   It may teleport you next to monsters.
   It affects your strength (+2).
   It affects your intelligence (-2).
   It protects you from poison.
   It affects your resistance to hostile enchantments.
 T - an uncursed ring of positive energy
Wands
 p - a wand of enslavement (11/24)
 u - a wand of iceblast (6/15)
 x - a wand of iceblast (9/15)
 E - a wand of iceblast (7/15)
 F - a wand of flame (19/48)
 G - a wand of lightning (8/15)
Scrolls
 c - a scroll of fear {unknown}
 e - 2 scrolls of recharging {unknown}
 f - 5 scrolls of remove curse
 h - a scroll of amnesia {unknown}
 k - a scroll of random uselessness {unknown}
 l - 3 scrolls of teleportation {unknown}
 w - a scroll of immolation {unknown}
 A - a scroll of fog {unknown}
 H - 2 scrolls of enchant weapon {unknown}
 N - a scroll of blinking {unknown}
 Q - 4 scrolls of magic mapping
Potions
 i - 4 potions of lignification
 n - 2 potions of curing
 q - 3 potions of might
 s - 3 potions of agility
 v - a potion of berserk rage {unknown}
 z - 6 potions of mutation
 M - 2 potions of heal wounds {unknown}
 O - a potion of invisibility
Books
 b - a book of Flames

   Spells                             Type                      Level
   a - Flame Tongue                   Conjuration/Fire             1
   b - Throw Flame                    Conjuration/Fire             2
   c - Conjure Flame                  Conjuration/Fire             3
   d - Inner Flame                    Hexes/Fire                   3
   e - Sticky Flame                   Conjuration/Fire             4
   f - Fireball                       Conjuration/Fire             5
 V - a book of Minor Magic

   Spells                             Type                      Level
   a - Magic Dart                     Conjuration                  1
   b - Blink                          Translocation                2
   c - Call Imp                       Summoning                    2
   d - Slow                           Hexes                        2
   e - Conjure Flame                  Conjuration/Fire             3
   f - Mephitic Cloud                 Conjuration/Poison/Air       3
 W - a book of Conjurations

   Spells                             Type                      Level
   a - Magic Dart                     Conjuration                  1
   b - Searing Ray                    Conjuration                  2
   c - Dazzling Spray                 Conjuration/Hexes            3
   d - Fulminant Prism                Conjuration/Hexes            4
   e - Force Lance                    Conjuration/Translocation    4
   f - Iskenderun's Mystic Blast      Conjuration                  4
Comestibles
 j - 6 fruits
 m - 6 royal jellies
 t - a meat ration


   Skills:
 + Level 3.5 Fighting
 + Level 4.9 Polearms
 + Level 3.3 Dodging
 - Level 1.5 Stealth
 + Level 4.5 Spellcasting
 - Level 8.3 Conjurations
 - Level 9.4 Fire Magic
 + Level 4.2 Invocations
 + Level 3.2 Evocations


You had one spell level left.
You knew the following spells:

 Your Spells              Type           Power        Failure   Level  Hunger
a - Flame Tongue          Conj/Fire      #####        1%          1    None
b - Throw Flame           Conj/Fire      #####.       1%          2    #......
c - Conjure Flame         Conj/Fire      #####...     1%          3    ##.....
d - Sticky Flame          Conj/Fire      #####...     6%          4    ####...
e - Blink                 Tloc           N/A          34%         2    #......
f - Fireball              Conj/Fire      #####.....   17%         5    ######.


Dungeon Overview and Level Annotations

Branches:
Dungeon (10/15)            Temple (1/1) D:4            Lair (0/6) D:8
    Orc: D:9-12

Altars:
Ashenzari
Cheibriados
Dithmenos
Elyvilon
Fedhas
Gozag
Hepliaklqana
Kikubaaqudgha
Makhleb
Nemelex Xobeh
Okawaru
Qazlal
Ru
Sif Muna
Trog
Uskayaw
Vehumet
Wu Jian
Xom
Yredelemnul
Zin
The Shining One

Shops:
D:4 :   D:10 *

Annotations:
D:4 Phong's ghost, amateur BaSk
D:10 Snorg


Message History

You reach to attack!
You hit Snorg.
Snorg is moderately wounded.
You block Snorg's attack. Snorg claws you. Snorg claws you!
Casting: Flame Tongue
Confirm with . or Enter, or press ? or * to list all spells.
Aiming: Sticky Flame
Press: ? - help, Shift-Dir - straight line, f/p - Snorg
Aim: Snorg (moderately wounded, berserk, fast, unusually strong)
The sticky flame hits Snorg.
Snorg is moderately wounded.
Snorg is covered in liquid flames!
Snorg burns!
Snorg bites you!! Snorg claws you but does no damage. Snorg claws you.
You puncture Snorg!
Snorg is heavily wounded.
Snorg burns!
Snorg closely misses you. Snorg claws you!
* * * LOW HITPOINT WARNING * * *
You block Snorg's attack. Snorg bites you.
* * * LOW HITPOINT WARNING * * *
Snorg claws you!!
You die...

##+#######
#....@...#
+....T...#
#........#
#........#
##########


You could see Snorg (berserk).

Vanquished Creatures
  A komodo dragon (D:8)
  2 trolls (D:9)
  Prince Ribbit (D:8)
  2 hippogriffs
  A steam dragon (D:10)
  A hungry ghost (D:9)
  Duvessa (D:7)
  A sky beast (D:7)
  2 orc warriors
  A black bear (D:5)
  An ice beast (D:9)
  A phantom (D:7)
  3 ogres
  A necrophage (D:9)
  3 centaurs
  3 big kobolds
  A wyvern zombie (D:9)
  4 killer bees (D:8)
  3 scorpions
  A water moccasin skeleton (D:9)
  3 howler monkeys
  3 crimson imps
  A centaur zombie (D:6)
  A bullfrog zombie (D:4)
  2 centaur skeletons (D:9)
  4 orc priests
  4 bullfrog skeletons
  6 hounds
  3 jellies
  3 orc wizards
  Natasha (thrice) (D:2)
  9 worker ants
  A killer bee zombie (D:6)
  A hound skeleton (D:4)
  A howler monkey zombie (D:8)
  6 gnolls
  A howler monkey skeleton (D:7)
  13 adders
  A shadow imp (D:9)
  An ooze (D:3)
  2 adder skeletons
  4 worms
  3 dart slugs
  6 leopard geckos
  17 orcs
  A ball python (D:1)
  2 bats
  7 giant cockroaches
  7 goblins
  6 hobgoblins
  13 jackals
  2 quokkas
  4 frilled lizards
  26 kobolds
  A leopard gecko skeleton (D:6)
  A leopard gecko zombie (D:6)
  10 rats
213 creatures vanquished.

Vanquished Creatures (others)
  A plant (D:8)
1 creature vanquished.

Grand Total: 214 creatures vanquished

Notes
Turn   | Place    | Note
-------+----------+-------------------------------------------
     0 | D:1      | tilp the Hill Orc Fire Elementalist began the quest for the Orb.
     0 | D:1      | Reached XP level 1. HP: 14/14 MP: 3/3
   181 | D:1      | Reached XP level 2. HP: 16/20 MP: 3/5
   790 | D:1      | Learned a level 2 spell: Throw Flame
  1015 | D:2      | Reached XP level 3. HP: 20/26 MP: 2/6
  1020 | D:2      | Learned a level 3 spell: Conjure Flame
  1429 | D:2      | Reached XP level 4. HP: 22/33 MP: 5/8
  2057 | D:2      | Found a deep blue altar of Sif Muna.
  2151 | D:2      | Noticed Natasha
  2159 | D:2      | Killed Natasha
  2469 | D:2      | Found a shadowy altar of Dithmenos.
  2497 | D:2      | Reached XP level 5. HP: 38/38 MP: 9/9
  2822 | D:2      | Noticed Natasha
  2826 | D:2      | Killed Natasha
  3249 | D:2      | Learned a level 4 spell: Sticky Flame
  3621 | D:2      | Noticed Natasha
  3626 | D:2      | Killed Natasha
  3704 | D:3      | Reached XP level 6. HP: 32/45 MP: 10/10
  4793 | D:4      | Reached skill level 4 in Fire Magic
  5014 | D:4      | Reached skill level 5 in Fire Magic
  5347 | D:4      | Found a staircase to the Ecumenical Temple.
  5485 | Temple   | Entered the Ecumenical Temple
  5612 | D:4      | Reached skill level 6 in Fire Magic
  5612 | D:4      | Reached XP level 7. HP: 46/50 MP: 4/11
  5663 | D:4      | Found an iron altar of Okawaru.
  5666 | D:4      | Became a worshipper of Warmaster Okawaru
  5805 | D:4      | Reached skill level 5 in Conjurations
  5887 | D:4      | Noticed Phong's ghost (amateur BaSk)
  6331 | D:4      | Found Danoppi's Book Emporium.
  6637 | D:4      | Found a shimmering altar of Xom.
  6657 | D:5      | Entered Level 5 of the Dungeon
  6992 | D:5      | Reached XP level 8. HP: 57/57 MP: 8/12
  7479 | D:5      | Reached * piety under Okawaru
  7479 | D:5      | Reached skill level 7 in Fire Magic
  7540 | D:5      | Got a crude tin ring
  8340 | D:6      | Reached skill level 8 in Fire Magic
  8651 | D:6      | Got a scorched marble ring
  9927 | D:6      | Found a sacrificial altar of Ru.
 10219 | D:6      | Reached XP level 9. HP: 62/62 MP: 9/13
 10429 | D:7      | Found a blossoming altar of Fedhas.
 10439 | D:7      | Reached skill level 9 in Fire Magic
 10500 | D:7      | Reached ** piety under Okawaru
 10875 | D:7      | Got a bloodstained trident
 10876 | D:7      | Identified the +12 trident "Ynoduot" {holy, +Fly MR+} (You found it on level 7 of the Dungeon)
 10897 | D:7      | Reached skill level 1 in Polearms
 11110 | D:7      | Learned a level 2 spell: Blink
 11120 | D:7      | Noticed Duvessa
 11130 | D:7      | Killed Duvessa
 11462 | D:8      | Identified the ring of Biga {rN+ Str+4 Dex+3 Stlth+} (You found it on level 5 of the Dungeon)
 11466 | D:8      | Identified the ring of Batsa {*Tele rPois MR+++ Str+2 Int-2} (You found it on level 6 of the Dungeon)
 12051 | D:8      | Found a staircase to the Lair.
 12052 | D:8      | Noticed a komodo dragon
 12065 | D:8      | Killed a komodo dragon
 12293 | D:8      | Found an ancient bone altar of Kikubaaqudgha.
 12327 | D:8      | Noticed Prince Ribbit
 12335 | D:8      | Killed Prince Ribbit
 12556 | D:8      | Got a polished short sword
 12563 | D:8      | Reached skill level 1 in Invocations
 12711 | D:8      | Reached skill level 1 in Fighting
 12725 | D:8      | Reached skill level 1 in Evocations
 13162 | D:9      | Reached XP level 10. HP: 72/72 MP: 14/16
 13292 | D:9      | Found a bloodstained altar of Trog.
 13427 | D:9      | Reached *** piety under Okawaru
 13498 | D:9      | Learned a level 5 spell: Fireball
 13689 | D:9      | Found a glowing silver altar of Zin.
 14111 | D:10     | Entered Level 10 of the Dungeon
 14119 | D:10     | Found Millik's General Store.
 14138 | D:10     | Noticed a two-headed ogre
 14269 | D:10     | Noticed Snorg
 14274 | D:10     | Mangled by Snorg

Vault maps used:
D:1:      evilmike_arrival_hilbert_curve
D:2:      grunt_dithmenos_smoke_and_mirrors, lemuel_blue_sif_altar, first_bread,
          minmay_octomino_c4, uniq_natasha
D:4:      kennysheep_mini, kennysheep_little_box,
          minmay_temple_entry_purple_smoke, serial_shops,
          nicolae_shop_behind_doors, hangedman_decor_growths
D:6:      lemuel_crystal_altar
D:7:      nicolae_overflow_crystal_walls, sigmund_army, uniq_duvessa
D:8:      lemuel_crystal_altar, david_lair_shrubbed, uniq_prince_ribbit1
D:9:      bloody_trog, zin_statuary
D:10:     serial_shops, kennysheep_mini_moat, serial_undead, serial_undead_e,
          serial_undead_f, serial_undead_b, serial_undead_e, uniq_snorg
Temple:   cyrus_circular_temple

Skill      XL: |  1  2  3  4  5  6  7  8  9 10 |
---------------+-------------------------------+-----
Spellcasting   | 2 3 4 |  4.5
Conjurations   | 2 4 6 7 8 |  8.3
Fire Magic     | 6 8 9 |  9.4
Polearms       | 3 4 |  4.9
Invocations    | 2 4 |  4.2
Fighting       | 1 3 |  3.5
Evocations     | 1 3 |  3.2
Dodging        | 2 3 |  3.3
Stealth        | |  1.5

Action                   |  1- 3 |  4- 6 |  7- 9 | 10-12 || total
-------------------------+-------+-------+-------+-------++-------
Melee: Dagger            |    74 |   203 |   229 |       ||   506
       Trident           |       |       |    57 |    86 ||   143
Throw: Tomahawk          |       |     2 |       |       ||     2
       Javelin           |       |       |     2 |       ||     2
 Cast: Flame Tongue      |    32 |    63 |   118 |    20 ||   233
       Throw Flame       |       |    14 |    13 |     6 ||    33
       Sticky Flame      |       |     6 |    29 |     3 ||    38
       Conjure Flame     |       |     1 |     4 |     3 ||     8
  Use: Scroll            |       |     4 |     6 |       ||    10
       Potion            |       |       |     4 |       ||     4
 Stab: Sleeping          |       |     5 |     5 |     2 ||    12
       Distracted        |       |       |     1 |     1 ||     2
  Eat: Chunk             |     2 |     6 |    11 |     2 ||    21
       Bread ration      |       |     2 |       |       ||     2
       Meat ration       |       |       |     4 |     1 ||     5
       Fruit             |       |       |     1 |       ||     1
Armor: Robe              |    17 |    31 |    41 |       ||    89
       Leather armour    |       |       |     6 |     3 ||     9
       Troll leather arm |       |       |       |     5 ||     5
Dodge: Dodged            |    56 |   124 |   185 |    25 ||   390
Block: Buckler           |       |       |       |     3 ||     3
